 Dungeon Sprint DCSS version 0.28-a0-1087-gf3fc490d9d (webtiles) character file.

Game seed: 9847851603379787814

21684 rocky1 the Formicid Aeon (level 13, -15/112 HPs)
             Began as a Formicid Fighter on Dec 11, 2021.
             Was the Champion of Cheibriados.
             Demolished by a phantasmal warrior (28 damage)
             ... in the Dungeon (Sprint VII: "The Pits").
             The game lasted 00:19:50 (3571 turns).

rocky1 the Formicid Aeon (Formicid Fighter)         Turns: 3571, Time: 00:19:51

Health: -15/112    AC: 21    Str: 39    XL:     13   Next: 21%
Magic:  22/25      EV: 22    Int: 25    God:    Cheibriados [******]
Gold:   44         SH: 23    Dex: 31    Spells: 12/12 levels left

rFire   . . .      SeeInvis +   p - +2 war axe (freeze)
rCold   . . .      Faith    .   L - +2 tower shield {AC+3}
rNeg    . . .      Spirit   .   s - +4 chain mail
rPois   .          Reflect  .   (helmet unavailable)
rElec   .          Harm     .   (no cloak)
rCorr   .          Rampage  .   B - +0 pair of gloves
Will    .....                   r - +0 pair of boots
Stlth   ..........              (no amulet)
HPRegen 0.28/turn               m - +3 ring of dexterity
MPRegen 0.19/turn               n - +3 ring of dexterity

@: weak-willed, invisible, very slow
A: permanent stasis, dig shafts and tunnels, antennae 3, four strong arms
a: Dig, Renounce Religion, Bend Time, Temporal Distortion, Slouch, Step From
Time


You were in the Dungeon.
You worshipped Cheibriados.
Cheibriados was exalted by your worship.
You visited 1 branch You collected 44 gold pieces.

Inventory:

Hand Weapons
 a - the +4 quarterstaff of Circular Logic {antimagic, rN+}
   (You found it in the Dungeon)

   It reduces the magical energy of the wielder, and disrupts the spells and
   magical abilities of those it strikes.
   Natural abilities and divine invocations are not affected.
   rN:        It protects you from negative energy.
 b - a +2 long sword of holy wrath
 p - a +2 war axe of freezing (weapon)
 q - a +2 scimitar of flaming
 D - the +3 spear of Eraihinoo {pain, rElec}
   (You found it in the Dungeon)

   In the hands of one skilled in necromantic magic, it inflicts extra damage on
   living creatures.
   rElec:     It insulates you from electricity.
 E - a +0 arbalest
 I - a +1 great sword of draining
 K - a +4 great mace of protection
Missiles
 l - 2 curare-tipped darts (quivered)
 F - 16 bolts
Armour
 c - a +0 buckler
 k - a +0 troll leather armour
 r - a +0 pair of boots (worn)
 s - a +4 chain mail (worn)
 t - a +3 scale mail of cold resistance
 B - a +0 pair of gloves (worn)
 H - the +0 ring mail of Lung {rF+ rN+ Str+4}
   (You found it in the Dungeon)

   Str:       It affects your strength (+4).
   rF:        It protects you from fire.
   rN:        It protects you from negative energy.
 J - +0 swamp dragon scales
 L - a +2 tower shield of protection (worn)
Jewellery
 m - a +3 ring of dexterity (left hand)
 n - a +3 ring of dexterity (right hand)
 A - a ring of fire
 C - a ring of protection from fire
 G - a ring of positive energy
Wands
 y - a wand of flame (18)
Scrolls
 i - 5 scrolls of amnesia
 j - a scroll of summoning
 u - 4 scrolls of fear
 v - 2 scrolls of identify
 w - 2 scrolls of fog
 x - 6 scrolls of enchant weapon
Potions
 d - a potion of might
 e - 10 potions of curing
 f - 12 potions of heal wounds
 g - 3 potions of magic
 h - a potion of invisibility
 o - 2 potions of mutation
 z - a potion of brilliance


   Skills:
 + Level 13.8 Fighting
 - Level 8.0 Long Blades
 + Level 16.4 Axes
 + Level 7.6 Crossbows
 + Level 10.9 Armour
 + Level 13.6 Dodging
 + Level 11.1 Shields
 + Level 17.3 Invocations


You had 12 spell levels left.
You didn't know any spells.
Your spell library contained the following spells:

 Spells                   Type           Power      Damage    Failure   Level
 Sandblast                Erth           0%         2d4       65%         1
 Passwall                 Tmut/Erth      0%         N/A       80%         2
 Inner Flame              Hex/Fire       0%         N/A       95%         3
 Stone Arrow              Conj/Erth      0%         3d7       95%         3
 Cause Fear               Hex            0%         N/A       100%        4
 Discord                  Hex            0%         N/A       100%        8


Dungeon Overview and Level Annotations

Branches:
Dungeon (1/1)

Altars:
Ashenzari
Cheibriados
Dithmenos
Elyvilon
Fedhas
Gozag
Hepliaklqana
Kikubaaqudgha
Makhleb
Nemelex Xobeh
Okawaru
Qazlal
Ru
Sif Muna
Trog
Uskayaw
Vehumet
Wu Jian
Xom
Yredelemnul
Zin
The Shining One
Beogh
Jiyva
Lugonu


Innate Abilities, Weirdness & Mutations

You cannot be hasted, slowed, berserked, paralysed or teleported.
You can dig through walls and to a lower floor.
You have a pair of large antennae on your head. (SInv)
Your four strong arms can wield two-handed weapons with a shield.


Message History

You kill the bat!
Cheibriados thoroughly appreciates the change of pace.
You slash the phantasmal warrior!
The elephant trumpets! x2
The yaktaur shoots a bolt.
You block the bolt.
You closely miss the phantasmal warrior.
The phantasmal warrior is moderately damaged.
You feel sick.
The elephant trumpets! x2; You hear a trumpeting! x2
You hear an angry buzzing noise.
The phantasmal warrior misses you.
Unknown command.
You feel much better. The phantasmal warrior hits you!
* * * LOW HITPOINT WARNING * * *
A killer bee comes into view.
Unknown command.
You hit the phantasmal warrior but do no damage.
The phantasmal warrior is moderately damaged.
You feel sick.
The elephant trumpets!
The killer bee buzzes angrily.
You block the phantasmal warrior's attack.
The yaktaur shoots a bolt.
The bolt hits the sun demon!
You hear a trumpeting!
You slash the sun demon! You freeze the sun demon.
The sun demon is heavily wounded.
You barely miss the phantasmal warrior.
You feel sick.
You are no longer poisoned.
The elephant trumpets!
The killer bee buzzes angrily.
The sun demon hits you.
* * * LOW HITPOINT WARNING * * *
You are engulfed in flames!
* * * LOW HITPOINT WARNING * * *
You block the phantasmal warrior's attack.
A killer bee comes into view.
You completely miss the phantasmal warrior.
The phantasmal warrior is moderately damaged.
You hit the sun demon. You freeze the sun demon.
The elephant trumpets!
You block the sun demon's attack. The phantasmal warrior hits you!!
You die...

#.... { { {{ #.... { { {
+..#. { { {{ +.... #....
####################..#.
..................''....
......W@..........''....
#######3########..##..#.
#W#c#{ #..##....


{{{{{ #Y# #Y#{ { #..##.... {{{{{ #)# Y#m#{ #..####'' {{{{{ #.# { #w#y #..####''
{{{{{ #.# #y#{#..##.... ## ## #..##.#'# ###### #.#)) You could see 2 elephants,
a tyrant leech (wandering), a merfolk, a sun demon, a shadow wraith (invisible),
a phantasmal warrior, a yaktaur and a killer bee (wandering).

Vanquished Creatures
  2 nagarajas (D)
  Nessos (D)
  An apis (D)
  A dire elephant (D)
  An eidolon (D)
  Snorg (D)
  A merfolk impaler (D)
  A mummy priest (D)
  A vault guard (D)
  A boulder beetle (D)
  A centaur warrior (D)
  2 two-headed ogres (D)
  Urug (D)
  A shadow wraith (D)
  2 deep trolls (D)
  A wizard (D)
  2 swamp dragons (D)
  A flayed ghost (D)
  A phantasmal warrior (D)
  A deep elf pyromancer (D)
  3 elephants (D)
  A molten gargoyle (D)
  A gargoyle (D)
  An eye of devastation (D)
  A demonic crawler (D)
  A freezing wraith (D)
  A yaktaur (D)
  2 efreet (D)
  A polar bear (D)
  A merfolk (D)
  A jumping spider (D)
  2 trolls (D)
  A hornet (D)
  A snapping turtle (D)
  A dream sheep (D)
  A spriggan (D)
  A tarantella (D)
  A ynoxinul (D)
  A basilisk (D)
  A fire bat (D)
  A steam dragon (D)
  2 floating eyes (D)
  An ice beast (D)
  2 orc warriors (D)
  A black bear (D)
  4 wolves (D)
  2 centaurs (D)
  2 kobold brigands (D)
  2 gnoll sergeants (D)
  A bullfrog (D)
  An earth elemental (D)
  A small abomination (D)
  5 killer bees (D)
  A crimson imp (D)
  An orc priest (D)
  Terence (D)
  An iguana (D)
  4 orc wizards (D)
  A hell rat (D)
  5 gnolls (D)
  2 river rats (D)
  2 adders (D)
  A white imp (D)
  3 ufetubi (D)
  7 orcs (D)
  A hobgoblin (D)
  2 ball pythons (D)
  A bat (D)
  2 frilled lizards (D)
  A quokka skeleton (D)
  2 rats (D)
111 creatures vanquished.

Vanquished Creatures (others)
  A shadow wraith (D)
  A merfolk (D)
  An orc wizard (D)
3 creatures vanquished.

Grand Total: 114 creatures vanquished

Notes
Turn   | Place    | Note
-------+----------+-------------------------------------------
     0 | D        | rocky1 the Formicid Fighter began the quest for the Orb.
     0 | D        | Reached XP level 1. HP: 18/18 MP: 1/1
    20 | D        | Reached XP level 2. HP: 20/24 MP: 2/2
    27 | D        | Found a bloodstained altar of Trog.
    27 | D        | Found a shimmering blue altar of Sif Muna.
    27 | D        | Found a viscous altar of Jiyva.
    27 | D        | Found a hazy altar of Hepliaklqana.
    27 | D        | Found an opulent altar of Gozag.
    28 | D        | Found a glowing golden altar of the Shining One.
    28 | D        | Found a glowing silver altar of Zin.
    28 | D        | Found a basalt altar of Yredelemnul.
    28 | D        | Found a shimmering altar of Xom.
    28 | D        | Found an ornate altar of the Wu Jian Council.
    28 | D        | Found a sacrificial altar of Ru.
    28 | D        | Found a stormy altar of Qazlal.
    28 | D        | Found an iron altar of Okawaru.
    28 | D        | Found a sparkling altar of Nemelex Xobeh.
    28 | D        | Found a burning altar of Makhleb.
    28 | D        | Found a blossoming altar of Fedhas.
    28 | D        | Found a white marble altar of Elyvilon.
    28 | D        | Found a shadowy altar of Dithmenos.
    28 | D        | Found a snail-covered altar of Cheibriados.
    30 | D        | Found a radiant altar of Vehumet.
    30 | D        | Found a corrupted altar of Lugonu.
    31 | D        | Found a hide-covered altar of Uskayaw.
    31 | D        | Found an ancient bone altar of Kikubaaqudgha.
    31 | D        | Found a broken altar of Ashenzari.
    39 | D        | Became a worshipper of Cheibriados the Contemplative
    82 | D        | Reached * piety under Cheibriados
   129 | D        | Reached skill level 5 in Axes
   129 | D        | Reached skill level 1 in Invocations
   129 | D        | Reached XP level 3. HP: 23/29 MP: 2/4
   133 | D        | Noticed a floating eye
   135 | D        | Killed a floating eye
   135 | D        | Reached ** piety under Cheibriados
   136 | D        | Reached skill level 5 in Invocations
   136 | D        | Reached XP level 4. HP: 25/35 MP: 2/8
   136 | D        | Reached XP level 5. HP: 29/41 MP: 2/9
   224 | D        | Noticed Terence
   231 | D        | Reached *** piety under Cheibriados
   234 | D        | Killed Terence
   235 | D        | Reached skill level 6 in Invocations
   410 | D        | Noticed a floating eye
   410 | D        | Noticed a kobold brigand
   415 | D        | Noticed an orc warrior
   417 | D        | Killed a floating eye
   418 | D        | Reached skill level 5 in Fighting
   418 | D        | Reached skill level 5 in Armour
   418 | D        | Reached XP level 6. HP: 51/51 MP: 10/10
   421 | D        | Reached **** piety under Cheibriados
   428 | D        | Killed an orc warrior
   429 | D        | Reached skill level 10 in Axes
   429 | D        | Reached XP level 7. HP: 47/56 MP: 11/11
   429 | D        | Reached ***** piety under Cheibriados
   455 | D        | Reached ****** piety under Cheibriados
   701 | D        | Noticed an elephant
   711 | D        | Killed an elephant
   712 | D        | Reached skill level 15 in Axes
   712 | D        | Reached XP level 8. HP: 57/62 MP: 12/12
   714 | D        | Noticed a fire bat
   727 | D        | Killed a fire bat
   759 | D        | Noticed a snapping turtle
   774 | D        | Killed a snapping turtle
   775 | D        | Reached skill level 7 in Invocations
   775 | D        | Reached XP level 9. HP: 26/71 MP: 14/14
  1054 | D        | Got the +4 quarterstaff of Circular Logic {antimagic, rN+}
  1144 | D        | Reached skill level 8 in Invocations
  1152 | D        | Reached skill level 9 in Invocations
  1169 | D        | Noticed a deep troll
  1184 | D        | Killed a deep troll
  1185 | D        | Reached skill level 10 in Invocations
  1420 | D        | Noticed a merfolk
  1421 | D        | Noticed a troll
  1432 | D        | Killed a troll
  1433 | D        | Reached skill level 10 in Fighting
  1433 | D        | Reached skill level 11 in Invocations
  1436 | D        | Killed a merfolk
  1437 | D        | Reached skill level 12 in Invocations
  1439 | D        | Reached skill level 13 in Invocations
  1439 | D        | Reached XP level 10. HP: 39/85 MP: 17/19
  1449 | D        | Noticed an elephant
  1635 | D        | Killed an elephant
  1636 | D        | Reached skill level 14 in Invocations
  1637 | D        | Noticed a molten gargoyle
  1637 | D        | Noticed a gargoyle
  1642 | D        | Killed a molten gargoyle
  1643 | D        | Reached skill level 5 in Shields
  1644 | D        | Killed a gargoyle
  1645 | D        | Noticed a two-headed ogre
  1653 | D        | Reached skill level 5 in Dodging
  1664 | D        | Killed a two-headed ogre
  1898 | D        | Noticed a demonic crawler
  1905 | D        | Killed a demonic crawler
  1913 | D        | Noticed a deep troll
  1919 | D        | Killed a deep troll
  1924 | D        | Reached XP level 11. HP: 71/90 MP: 21/21
  1926 | D        | Noticed a wizard
  1930 | D        | Killed a wizard
  1931 | D        | Reached skill level 10 in Armour
  1935 | D        | Noticed an elephant
  1935 | D        | Noticed Urug
  1935 | D        | Noticed a centaur warrior
  1941 | D        | Killed a centaur warrior
  1942 | D        | Reached skill level 10 in Shields
  1943 | D        | Killed an elephant
  1943 | D        | Killed Urug
  1952 | D        | Noticed a boulder beetle
  2102 | D        | Killed a boulder beetle
  2113 | D        | Noticed a shadow wraith
  2123 | D        | Killed a shadow wraith
  2239 | D        | Got the +3 spear of Eraihinoo {pain, rElec}
  2312 | D        | Reached skill level 1 in Long Blades
  2330 | D        | Noticed a spriggan rider
  2535 | D        | Noticed an eidolon
  2551 | D        | Killed an eidolon
  2552 | D        | Reached XP level 12. HP: 15/100 MP: 17/23
  2895 | D        | Noticed a shadow wraith
  2897 | D        | Killed a shadow wraith
  2902 | D        | Reached skill level 15 in Invocations
  3146 | D        | Reached skill level 5 in Long Blades
  3146 | D        | Reached skill level 1 in Crossbows
  3284 | D        | Noticed Snorg
  3284 | D        | Noticed a dire elephant
  3284 | D        | Noticed a vault guard
  3284 | D        | Noticed a nagaraja
  3284 | D        | Noticed a swamp dragon
  3284 | D        | Noticed a nagaraja
  3288 | D        | Killed a swamp dragon
  3290 | D        | Killed a vault guard
  3290 | D        | Killed a nagaraja
  3290 | D        | Killed Snorg
  3291 | D        | Reached skill level 5 in Crossbows
  3291 | D        | Reached skill level 16 in Invocations
  3292 | D        | Killed a dire elephant
  3294 | D        | Killed a nagaraja
  3304 | D        | Got the +0 ring mail of Lung {rF+ rN+ Str+4}
  3512 | D        | Noticed a swamp dragon
  3512 | D        | Noticed a flayed ghost
  3512 | D        | Noticed an apis
  3512 | D        | Noticed a two-headed ogre
  3522 | D        | Killed a swamp dragon
  3524 | D        | Killed a flayed ghost
  3525 | D        | Noticed a shadow wraith
  3532 | D        | Killed an apis
  3532 | D        | Noticed Nessos
  3533 | D        | Reached skill level 17 in Invocations
  3533 | D        | Reached XP level 13. HP: 106/111 MP: 15/25
  3539 | D        | Killed Nessos
  3539 | D        | Noticed a mummy priest
  3545 | D        | Killed a mummy priest
  3545 | D        | Identified the ring "Bolimi Jeit" {Wiz Drain +Blink Will++
                  | SInv Stlth-}
  3545 | D        | Noticed a merfolk impaler
  3554 | D        | Killed a merfolk impaler
  3571 | D        | Demolished by a phantasmal warrior

Illustrated notes

Levels and vault maps discovered:
D:        pitsprint [storerooms_1, entrance_room_1, metal_vault_5, armoury_2,
          mini_pit_1, grid_room_1, main_hall_1, silver_pit, the_coven_2,
          the_vestibule_1, steel_vault_2, golden_pit, hallway_of_sentries,
          crystal_vault_1, iron_vault_1, final_vault]

Skill      XL: |  1  2  3  4  5  6  7  8  9 10 11 12 13 |
---------------+----------------------------------------+-----
Axes           | 4 5 8 9 10 15 16 | 16.4
Invocations    | 1 5 6 7 13 14 17 | 17.3
Fighting       | 5 6 10 11 13 | 13.8
Armour         | 5 9 10 | 10.9
Dodging        | 3 7 13 | 13.6
Shields        | 9 10 11 | 11.1
Long Blades    | 4 8 |  8.0
Crossbows      | 7 |  7.6

Action                   |  1- 3 |  4- 6 |  7- 9 | 10-12 | 13-15 || total
-------------------------+-------+-------+-------+-------+-------++-------
Melee: War axe           |    25 |     9 |    32 |   131 |    27 ||   224
       Hand axe          |       |    13 |    60 |       |       ||    73
       Long sword        |       |       |       |       |     5 ||     5
Invok: Slouch            |       |       |       |    15 |       ||    15
  Use: Potion            |       |       |     1 |     3 |     3 ||     7
 Stab: Distracted        |       |       |       |     1 |       ||     1
       Invisible         |       |       |       |       |     4 ||     4
Armor: Scale mail        |    16 |     8 |       |       |       ||    24
       Chain mail        |       |     3 |    35 |    30 |     3 ||    71
Dodge: Dodged            |    13 |    22 |    42 |    87 |    15 ||   179
Block: Buckler           |     6 |     2 |    31 |    49 |       ||    88
       Tower shield      |       |       |       |    19 |    32 ||    51

Table legend: (Time is in decaauts)
 A = Elapsed time spent in this place.
 B = Non-inter-level travel time spent in this place.
 C = Inter-level travel time spent in this place.
 D = Time resting spent in this place.
 E = Time spent auto-exploring this place.
 F = Levels seen in this place.
 G = Mean time per level.
                   A        B        C        D        E       F      G
               +--------+--------+--------+--------+--------+-----+--------+
         Total |   4186 |   4158 |     28 |   2341 |      0 |   1 | 4186.0 |
       Dungeon |   4186 |   4158 |     28 |   2341 |      0 |   1 | 4186.0 |
               +--------+--------+--------+--------+--------+-----+--------+

Top non-repeatable levels by time:
       D: 4186 daAuts
